 Dungeon Crawl Stone Soup version 0.30-a0-782-ge64f9170bb (webtiles) character file.

Game seed: 4540533793664056835

2 Barriton the Conjurer (level 1, -1/14 HPs)
             Began as a Draconian Conjurer on Feb 21, 2023.
             Slain by a kobold
             ... wielding a +0 short sword
              (4 damage)
             ... on level 1 of the Dungeon.
             The game lasted 00:00:09 (100 turns).

Barriton the Conjurer (Draconian Conjurer)           Turns: 100, Time: 00:00:10

Health: -1/14      AC:  4    Str:  9    XL:     1   Next: 25%
Magic:  0/3        EV: 12    Int: 18    God:
Gold:   22         SH:  0    Dex:  9    Spells: 3/4 levels left

rFire   . . .      SeeInvis .    (no weapon)
rCold   . . .      Faith    .    (no shield)
rNeg    . . .      Spirit   .    (body armour unavailable)
rPois   .          Reflect  .    (helmet restricted)
rElec   .          Harm     .    (no cloak)
rCorr   .          Rampage  .    (no gloves)
Will    .....                    (no boots)
Stlth   ++                       (no amulet)
HPRegen 0.22/turn                (no ring)
MPRegen 0.08/turn                (no ring)

@: no status effects
A: AC +4, unfitting armour, cold-blooded
a: no special abilities


You were on level 1 of the Dungeon.
You visited 1 branch of the dungeon, and saw 1 of its levels.

You collected 22 gold pieces.

Inventory:

Potions
 a - 2 potions of magic


   Skills:
 + Level 1.7 Dodging
 + Level 1.7 Stealth
 + Level 2.0 Spellcasting
 + Level 4.1 Conjurations


You had 3 spell levels left.
You knew the following spells:

 Your Spells              Type           Power      Damage    Failure   Level
a - Magic Dart            Conj           64%        1d6       3%          1

Your spell library contained the following spells:

 Spells                   Type           Power      Damage    Failure   Level
 Searing Ray              Conj           32%        2d5       4%          2
 Dazzling Flash           Conj/Hex       18%        N/A       24%         3
 Fulminant Prism          Conj/Hex       4%         3d5       61%         4
 Iskenderun's Mystic Bla  Conj/Tloc      9%         2d4       61%         4


Dungeon Overview and Level Annotations

Branches:
Dungeon (1/15)

Altars:


Innate Abilities, Weirdness & Mutations

Your plain brown scales are hard. (AC +4)
You cannot fit into any form of body armour.
You are cold-blooded and may be slowed by cold attacks.


Message History

The magic dart hits the kobold but does no damage.
The kobold misses you.
The magic dart hits the kobold but does no damage.
The kobold barely misses you.
You are out of magic!
You are out of magic!
You hit the kobold but do no damage.
The kobold hits you with a +0 short sword.
A hobgoblin comes into view.
You closely miss the kobold.
You tail-slap the kobold, but do no damage.
The kobold hits you but does no damage.
You closely miss the kobold.
A goblin comes into view. It is wielding a +0 dagger.
The kobold hits you with a +0 short sword.
You hit the kobold but do no damage.
The kobold hits you with a +0 short sword.
The hobgoblin barely misses you.
You hit the kobold but do no damage.
Your tail-slap misses the kobold.
The kobold closely misses you.
The hobgoblin hits you but does no damage.
The kobold attacks as you move away!
The kobold hits you with a +0 short sword.
You hit the goblin.
The goblin is moderately wounded.
The goblin barely misses you.
You hit the goblin.
Your tail-slap misses the goblin.
The goblin is severely wounded.
The goblin hits you but does no damage.
The magic dart hits the goblin.
You kill the goblin!
You hit the kobold but do no damage.
The kobold hits you with a +0 short sword.
You miss the kobold.
A quokka comes into view.
The kobold hits you with a +0 short sword.
* * * LOW HITPOINT WARNING * * *
You hit the kobold but do no damage.
Your tail-slap misses the kobold.
The kobold hits you with a +0 short sword.
You die...

#############
#.##~~...##..
#.##~........
#.##......... ###
#.##......... ..
#.......~~≈.. #.
#......~...~.
#.#######......~.<.~.
#.gK@..##......~...~.
#..###.##.......~~~..
..r..#
#.##.#..........
#####.#
#....#~......... #.#
####.#≈≈...#.... #.#
#.##≈#######. #>.
#..##### ## ###
##.....# #.)...#


You could see a quokka, a hobgoblin and a kobold.

Vanquished Creatures
  A bat (D:1)
  A frilled lizard (D:1)
  A goblin (D:1)
3 creatures vanquished.

Notes
Turn   | Place    | Note
-------+----------+-------------------------------------------
     0 | D:1      | Barriton the Draconian Conjurer began the quest for the
                  | Orb.
     0 | D:1      | Reached XP level 1. HP: 14/14 MP: 3/3
   100 | D:1      | Slain by a kobold

Illustrated notes

Levels and vault maps discovered:
D:1:      enne_arrival_octagon_isle, layout_loops_cross, serial_shops,
          nicolae_square_shop

Action                     || total
---------------------------++-------
  Melee: Unarmed           ||    10
         Tailslap          ||     1
   Cast: Magic Dart        ||     7
 Armour: Skin              ||     3
  Dodge: Dodged            ||     5

Table legend: (Time is in decaauts)
 A = Elapsed time spent in this place.
 B = Non-inter-level travel time spent in this place.
 C = Inter-level travel time spent in this place.
 D = Time resting spent in this place.
 E = Time spent auto-exploring this place.
 F = Levels seen in this place.
 G = Mean time per level.
                   A        B        C        D        E       F      G
               +--------+--------+--------+--------+--------+-----+--------+
         Total |    100 |    100 |      0 |      0 |     77 |   1 |  100.0 |
       Dungeon |    100 |    100 |      0 |      0 |     77 |   1 |  100.0 |
               +--------+--------+--------+--------+--------+-----+--------+

Top non-repeatable levels by time:
     D:1: 100 daAuts
